 Dungeon Crawl Stone Soup version 0.22-a0-553-g9358b0b (webtiles) character file.

49 kae the Insei (level 3, -3/26 HPs)
             Began as a Demonspawn Transmuter on June 25, 2018.
             Slain by a scorpion (6 damage)
             ... on level 2 of the Dungeon.
             The game lasted 00:00:58 (1814 turns).

kae the Insei (Demonspawn Transmuter)               Turns: 1814, Time: 00:00:58

Health: -3/26      AC:  2    Str: 10    XL:     3   Next: 51%
Magic:  6/6        EV: 12    Int: 14    God:
Gold:   50         SH:  0    Dex: 14    Spells: 5/6 levels left

rFire    + . .     SeeInvis .     - Unarmed
rCold    . . .     Gourm    .   (no shield)
rNeg     . . .     Faith    .   b - +0 robe
rPois    .         Spirit   .   (no helmet)
rElec    .         Reflect  .   (no cloak)
rCorr    .         Harm     .   (no gloves)
MR       .....                  (no boots)
Stlth    ++........             (no amulet)
HPRegen  0.08/turn              (no ring)
MPRegen  0.10/turn              (no ring)

@: lethally poisoned (-3 -> -19)
A: fire resistance 1, nightstalker 1
a: no special abilities


You were on level 2 of the Dungeon.
You were not hungry.

You visited 1 branch of the dungeon, and saw 2 of its levels.

You collected 50 gold pieces.

Inventory:

Missiles
 a - 12 arrows
Armour
 b - a +0 robe (worn)
Scrolls
 c - 2 scrolls of identify
Comestibles
 d - 5 rations


   Skills:
 + Level 1.6 Fighting
 - Level 1.7 Dodging
 * Level 3.2 Unarmed Combat
 + Level 2.2 Spellcasting
 * Level 2.5 Transmutations


You had 5 spell levels left.
You knew the following spells:

 Your Spells              Type           Power        Failure   Level  Hunger
a - Beastly Appendage     Tmut           #.....       9%          1    #......

Your spell library contained the following spells:

 Spells                   Type           Power        Failure   Level  Hunger
 Spider Form              Tmut/Pois      #.........   38%         3    ###....
 Blade Hands              Tmut           #.........   92%         5    ######.
 Ice Form                 Ice/Tmut       #.......     80%         4    #####..
 Sticks to Snakes         Tmut           #.......     12%         2    ###....


Dungeon Overview and Level Annotations

Branches:
Dungeon (2/15)

Altars:


Innate Abilities, Weirdness & Mutations

Your flesh is heat resistant. (rF+)
You are slightly more attuned to the shadows.


Message History

You closely miss the scorpion.
The scorpion is lightly wounded.
You feel sick. The scorpion stings you.
You are more poisoned.
The scorpion poisons you!
Casting: Beastly Appendage (safe; 9% risk of failure)
Confirm with . or Enter, or press ? or * to list all spells.
You don't know that spell.
Casting: Beastly Appendage (safe; 9% risk of failure)
Confirm with . or Enter, or press ? or * to list all spells.
You don't know that spell.
You hit the scorpion but do no damage.
The scorpion is lightly wounded.
You feel sick. The scorpion stings you.
* * * LOW HITPOINT WARNING * * *
You closely miss the scorpion.
The scorpion is lightly wounded.
* * * LOW HITPOINT WARNING * * *
You feel sick. The scorpion stings you.
You die...

ยงยง.....####..###
##.## ## ###.#### ##.#
#.# #. #.# #.# #.# #.
... .# ##+## #. ..#.#
.# ##...## #. .#. .# #
## ##.....## #. ... ##
#.#.# ##.......## #.
##....####.........####
.....s@..')........'...
#.....####.........###.
#..#.# ##.......## #.
.. ## ##.....## #.
##...## #. ##+## #. #.
#. #.


You could see a scorpion.

Vanquished Creatures
  A gnoll (D:1)
  A worm (D:2)
  5 leopard geckos
  A giant cockroach (D:1)
  4 goblins (D:1)
  3 hobgoblins (D:1)
  3 jackals (D:1)
  2 kobolds (D:1)
  5 bats (D:1)
  A frilled lizard (D:1)
  4 rats
30 creatures vanquished.

Notes
Turn   | Place    | Note
-------+----------+-------------------------------------------
     0 | D:1      | kae the Demonspawn Transmuter began the quest for the Orb.
     0 | D:1      | Reached XP level 1. HP: 15/15 MP: 3/3
   225 | D:1      | Gained mutation: You are slightly more attuned to the shadows. [demonic ancestry]
   225 | D:1      | Reached XP level 2. HP: 11/21 MP: 3/5
   578 | D:1      | Reached skill level 3 in Unarmed Combat
  1128 | D:1      | Gained mutation: Your flesh is heat resistant. (rF+) [demonic ancestry]
  1128 | D:1      | Reached XP level 3. HP: 26/26 MP: 6/6
  1806 | D:2      | Noticed a scorpion
  1814 | D:2      | Slain by a scorpion

Vault maps used:
D:1:      sevenhm_arrival_forest_fort_small_3
D:2:      first_ration, uniq_terence

Skill      XL: |  1  2 |
---------------+-------+-----
Transmutations | 2 |  2.5
Unarmed Combat | 3 |  3.2
Fighting       | |  1.6
Dodging        | |  1.7
Spellcasting   | |  2.2

Action                   || total
-------------------------++-------
Melee: Unarmed           ||   133
       Kick              ||     5
       Punch             ||     3
       Headbutt          ||     4
 Cast: Beastly Appendage ||    11
  Use: Scroll            ||     4
 Stab: Sleeping          ||     5
  Eat: Chunk             ||     3
Armor: Robe              ||    23
Dodge: Dodged            ||    82

Table legend:
 A = Spawn XP
 B = Non-spawn XP
 C = Spawn XP percentage of total XP
 D = Spawn monster count
 E = Non-spawn monster count
 F = Spawn count percentage of total count
 G = Total turns spent on level
                    A         B        C        D         E        F      G
               +---------+---------+-------+---------+---------+-------+---------
         Total |       0 |      70 |   0.0 |       0 |      30 |   0.0 |  1814
               +---------+---------+-------+---------+---------+-------+---------
           D:1 |       0 |      61 |   0.0 |       0 |      27 |   0.0 |  1688
           D:2 |       0 |       9 |   0.0 |       0 |       3 |   0.0 |   126
               +---------+---------+-------+---------+---------+-------+---------
